 Dungeon Crawl Stone Soup version 0.18-a0-1267-gff090c1 (webtiles) character file.

187 Herrn the Chopper (level 5, -11/49 HPs)
             Began as a Naga Fighter on Feb 7, 2016.
             Mangled by a gnoll
             ... wielding a +0 halberd
              (15 damage)
             ... on level 3 of the Dungeon.
             The game lasted 00:05:28 (3535 turns).

Herrn the Chopper (Naga Fighter)                    Turns: 3535, Time: 00:05:28

Health: -11/49     AC:  6    Str: 23    XL:     5   Next: 66%
Magic:  5/5        EV:  6    Int: 14    God:
Gold:   156        SH:  9    Dex: 11    Spells: 0 memorised, 4 levels left

rFire  . . .     SeeInvis +     a - +0 war axe
rCold  . . .     Gourm    .     b - +0 scale mail
rNeg   . . .     Faith    .     c - +0 shield
rPois  +         Spirit   .     (no helmet)
rElec  .         Dismiss  .     g - +0 cloak
rCorr  .         Reflect  .     (no gloves)
SustAt .         Harm     .     (no barding)
MR     .....                    (no amulet)
Stlth  ..........               (no ring)
                                (no ring)

@: mighty, brilliant, flying, very slow, not resistant to hostile enchantments,
extremely unstealthy
A: see invisible, deformed body, poison resistance, slowness 2, slow metabolism
1, spit poison 2, AC +1
a: Spit Poison


You were on level 3 of the Dungeon.
You were hungry.

You visited 1 branch of the dungeon, and saw 3 of its levels.

You collected 156 gold pieces.

Inventory:

Hand Weapons
 a - a +0 war axe (weapon)
Armour
 b - a +0 scale mail (worn)
 c - a +0 shield (worn)
 g - a +0 cloak (worn)
Jewellery
 k - an uncursed ring of stealth {unknown}
Wands
 o - a wand of slowing (31/48)
 s - a wand of lightning (15/15)
Scrolls
 e - 3 scrolls of identify
 q - 3 scrolls of remove curse
Potions
 j - a potion of brilliance
Books
 n - a book of Air

   Spells                             Type                      Level
   a - Shock                          Conjuration/Air              1
   b - Swiftness                      Charms/Air                   2
   c - Repel Missiles                 Charms/Air                   2
   d - Static Discharge               Conjuration/Air              3
   e - Lightning Bolt                 Conjuration/Air              5
Comestibles
 f - 2 bread rations
 i - 2 slices of pizza
 r - a beef jerky


   Skills:
 + Level 3.4 Fighting
 * Level 3.6 Axes
 + Level 3.2 Armour
 + Level 0.8 Dodging
 + Level 3.3 Shields


You had 4 spell levels left.
You didn't know any spells.

Dungeon Overview and Level Annotations

Branches:
Dungeon (3/15)

Altars:
Gozag
Nemelex Xobeh


Innate Abilities, Weirdness & Mutations

You cannot wear boots.
Your serpentine skin is tough (AC +1).
You have supernaturally acute eyesight.
Armour fits poorly on your strangely shaped body.
Your system is resistant to poisons.
You cover ground very slowly.
You have a slow metabolism.
You can spit poison.


Message History

Drink which item? (? for menu, Esc to quit)
It was a potion of heal wounds.
You feel much better.
The gnoll hits you from afar with a halberd!
The gnoll hits you with a vampiric whip.
Drink which item? (? for menu, Esc to quit)
It was a potion of curing.
You feel better.
The gnoll hits you from afar with a halberd!
* * * LOW HITPOINT WARNING * * *
The gnoll barely misses you.
Drink which item? (? for menu, Esc to quit)
It was a potion of flight.
You feel very buoyant.
You fly up into the air.
You block the gnoll's attack. The gnoll hits you but does no damage.
Drink which item? (? for menu, Esc to quit)
You feel very mighty all of a sudden. You block the gnoll's attack.
Unknown command.
The gnoll hits you with a halberd!
You die...

..####♣♣.#.................#.###
..♣ ♣♣...♣♣♣####♣♣...♣♣##.#.#
♣♣♣♣♣♣....♣♣♣♣....♣.#♣♣♣ #.#.####
PP♣......(♣♣.♣♣♣♣♣..♣..♣♣#.#.##..
.♣.P♣...♣...♣...♣♣♣♣..♣.♣♣.#.##.#
...♣♣..)......♣....♣♣♣.....#.....
§..≈♣.♣............♣..♣.♣#.###...
§♣)♣P♣....P.....g..♣....♣♣.......
♣§≈♣≈.♣≈♣.)(.P..@g......♣♣..#####
≈≈≈≈♣≈≈♣≈♣≈.≈...........♣#..#....
≈.≈..≈≈≈≈≈≈≈♣.P.........♣#..#.###
≈♣≈≈♣≈≈≈♣≈≈P≈......P.♣P.♣♣..#....
.≈≈≈≈♣≈P♣≈.♣♣.......♣.♣♣♣♣..#####
≈.♣≈♣≈P≈≈.♣§...P...♣P.♣.....#....
........P.).......♣♣♣..P♣...#.###
....).....)..♣.♣o♣.♣♣♣♣♣##..#..(.
..........♣P♣.♣.♣P♣.♣♣P.....#####


You could see 2 gnolls and an orc (wandering).

Vanquished Creatures
  An orc priest (D:3)
  2 gnolls (D:3)
  5 adders
  3 giant geckos
  9 orcs (D:3)
  A ball python (D:1)
  A giant cockroach (D:2)
  6 goblins
  7 hobgoblins
  6 jackals
  10 kobolds
  17 bats
  6 giant newts
  6 rats
80 creatures vanquished.

Vanquished Creatures (others)
  3 plants (D:3)
3 creatures vanquished.

Grand Total: 83 creatures vanquished

Notes
Turn   | Place    | Note
--------------------------------------------------------------
     0 | D:1      | Herrn the Naga Fighter began the quest for the Orb.
     0 | D:1      | Reached XP level 1. HP: 21/21 MP: 1/1
     2 | D:1      | Noticed a felid
     2 | D:1      | Noticed a gargoyle
     4 | D:1      | Noticed a troll
     6 | D:1      | Noticed a ghoul
     8 | D:1      | Noticed a centaur
     8 | D:1      | Noticed a draconian
    10 | D:1      | Noticed an ogre
    10 | D:1      | Noticed a vine stalker
    12 | D:1      | Noticed a minotaur
    12 | D:1      | Noticed a vampire
    14 | D:1      | Noticed a halfling
    16 | D:1      | Noticed an elf
    18 | D:1      | Noticed a formicid
    18 | D:1      | Noticed a dwarf
    20 | D:1      | Noticed a demigod
    20 | D:1      | Noticed a merfolk
    22 | D:1      | Noticed a naga
    22 | D:1      | Noticed a spriggan
    24 | D:1      | Noticed an octopode
    24 | D:1      | Noticed a tengu
    26 | D:1      | Noticed a human
    26 | D:1      | Noticed a demonspawn
   168 | D:1      | You fall through a shaft!
   182 | D:1      | Reached XP level 2. HP: 24/28 MP: 2/2
   792 | D:1      | Reached XP level 3. HP: 34/34 MP: 3/3
  1554 | D:2      | Reached XP level 4. HP: 29/42 MP: 4/4
  2013 | D:3      | Reached XP level 5. HP: 26/49 MP: 5/5
  2930 | D:3      | Found an opulent altar of Gozag.
  2930 | D:3      | Found a sparkling altar of Nemelex Xobeh.
  3530 | D:3      | HP: 2/49 [gnoll/vampiric whip (6)]
  3535 | D:3      | Mangled by a gnoll

Vault maps used:
D:1:      kb_arrival_jail
D:3:      wad_woods_pond, grunt_temple_overflow_opulence, minivault_27,
          minmay_misc_feat_ornament, wad_woods_river_04

Action                   |  1- 3 |  4- 6 || total
-------------------------+-------+-------++-------
Melee: War axe           |   186 |   120 ||   306
 Abil: Spit Poison       |     1 |     6 ||     7
  Use: Potion            |       |     5 ||     5
       Scroll            |       |     2 ||     2
  Eat: Chunk             |     1 |     6 ||     7
